 Dungeon Crawl Stone Soup version 0.29.1-1-gd02db6906a (webtiles) character file.

Game seed: 4692371337832272770

314 RogueRain17 the Cutter (level 6, 0/43 HPs)
             Began as a Djinni Gladiator on Oct 10, 2022.
             Was a Follower of the Shining One.
             Slain by a hound (3 damage)
             ... on level 3 of the Dungeon.
             The game lasted 00:16:51 (4428 turns).

RogueRain17 the Cutter (Djinni Gladiator)           Turns: 4428, Time: 00:16:52

Health: 0/43       AC:  4    Str: 13    XL:     6   Next: 72%
Gold:   57         EV: 12    Int: 11    God:    the Shining One [*.....] SH:  0 Dex: 15

rFire   + + .      SeeInvis .   g - +2 dagger (speed)
rCold   x . .      Faith    .   (no shield)
rNeg    . . .      Spirit   .   b - +0 leather armour
rPois   ∞          Reflect  .   c - +0 helmet
rElec   .          Harm     .   (no cloak)
rCorr   .          Rampage  .   (no gloves)
Will    .....                   (boots unavailable)
Stlth   +.........              (no amulet)
HPRegen 0.14/turn               o - ring of wizardry
MPRegen 0.00/turn               (no ring)

@: flying, very slightly contaminated, glowing
A: sickness immunity, fire resistance 2, cold vulnerability 1, float, innate
caster, HP casting, extra vitality 1
a: Renounce Religion, Divine Shield


You were on level 3 of the Dungeon.
You worshipped the Shining One.
The Shining One was aware of your devotion.
You visited 1 branch of the dungeon, and saw 4 of its levels.

You collected 57 gold pieces.

Inventory:

Hand Weapons
 a - a +0 long sword
 g - a +2 dagger of speed (weapon)
Missiles
 d - 2 throwing nets
 e - a javelin
Armour
 b - a +0 leather armour (worn)
 c - a +0 helmet (worn)
Jewellery
 o - a ring of wizardry (left hand)
 r - a ring of protection from fire
Wands
 m - a wand of digging (5)
Scrolls
 i - 2 scrolls of noise {unknown}
 j - 2 scrolls of immolation {unknown}
 q - 3 scrolls of teleportation {unknown}
 s - a scroll of magic mapping {unknown}
Potions
 f - 2 potions of heal wounds {unknown}
 h - 3 potions of flight {unknown}
 k - 2 potions of brilliance {unknown}
 l - a potion of attraction {unknown}
 n - a potion of berserk rage {unknown}
 p - a potion of haste {unknown}
 t - a potion of degeneration {unknown}


   Skills:
 - Level 2.0 Fighting
 * Level 4.6(5.2) Short Blades
 - Level 3.5(4.6) Long Blades
 - Level 1.5 Throwing
 - Level 3.2 Dodging
 + Level 1.4 Spellcasting


You had 4 spell levels left.
You knew the following spells:

 Your Spells              Type           Power      Damage    Failure   Level
a - Apportation           Tloc           6%         N/A       9%          1
b - Ensorcelled Hibernat  Hex/Ice        6%         N/A       13%         2
Your spell library was empty.

Dungeon Overview and Level Annotations

Branches:
Dungeon (4/15)
 Temple: D:4-7

Altars:
The Shining One

Shops:
D:1 *

Annotations:
D:4 Sigmund


Innate Abilities, Weirdness & Mutations

You are immune to sickness and miasma.
You are immune to poison.
Your flesh is very heat resistant. (rF++)
You are vulnerable to cold. (rC-)
You float through the air rather than walking.
You learn spells naturally, not from books.
Your magical power is your life essence.
You have superior vitality. (+4 MHP)


Message History

The hound bites you. The hound closely misses you.
There is a stone staircase leading up here.
The hound barely misses you. The quokka barely misses you.
The hound barely misses you. The quokka bites you.
You fly upwards.
There is a stone staircase leading down here.
You hit the hound.
The hound is lightly wounded.
The hound bites you.
* * * LOW HITPOINT WARNING * * *
You barely miss the hound.
The hound is lightly wounded.
You hit the hound.
The hound is moderately wounded.
The hound bites you.
* * * LOW HITPOINT WARNING * * *
You are too injured to fight recklessly!
Casting: Ensorcelled Hibernation (safe; 13% risk of failure)
Confirm with . or Enter, or press ? or * to list all spells.
Aiming: Ensorcelled Hibernation (safe; 13% risk of failure)
Press: ? - help, Shift-Dir - straight line, f - hound
Aim: a hound (moderately wounded, haloed, chance to affect: 45%)
The hound resists with some effort.
* * * LOW HITPOINT WARNING * * *
The hound bites you.
* * * LOW HITPOINT WARNING * * *
Casting: Ensorcelled Hibernation (safe; 13% risk of failure)
Confirm with . or Enter, or press ? or * to list all spells.
Aiming: Ensorcelled Hibernation (safe; 13% risk of failure)
Press: ? - help, Shift-Dir - straight line, f/p - hound
Aim: a hound (moderately wounded, haloed, chance to affect: 45%)
You miscast Ensorcelled Hibernation.
You are very lightly contaminated with residual magic.
Nothing appears to happen.
* * * LOW HITPOINT WARNING * * *
The hound bites you. The Shining One protects you from harm!
The hound bites you.
You die...

......#...####.# #.#
#####.##.......#####.#
#.##...##....#...#
#####.##....##...#.###
......##....###....#
.......<#...# #...##
......###..:# ##r##
......# #...# #h#
......# ##### #@#
####### ###


You could see a hound and a quokka.

Vanquished Creatures
  A scorpion (D:2)
  A hound (D:4)
  Ijyb (D:3)
  An iguana (D:4)
  2 orc wizards (D:4)
  A gnoll (D:4)
  3 adders
  A worm (D:2)
  3 dart slugs
  5 orcs
  8 ball pythons
  6 endoplasms
  3 giant cockroaches
  8 hobgoblins
  4 jackals (D:2)
  2 quokkas
  8 bats
  3 frilled lizards
  5 goblins
  10 kobolds
  A rat (D:1)
77 creatures vanquished.

Vanquished Creatures (others)
  12 plants (D:4)
12 creatures vanquished.

Grand Total: 89 creatures vanquished

Notes
Turn   | Place    | Note
-------+----------+-------------------------------------------
     0 | D:1      | RogueRain17 the Djinni Gladiator began the quest for the
                  | Orb.
     0 | D:1      | Reached XP level 1. HP: 18/18 MP: 0/0
   361 | D:1      | Reached XP level 2. HP: 22/23 MP: 0/0
   461 | D:1      | Found a faded altar of an unknown god.
   477 | D:1      | Prayed at the altar of an unknown god.
   477 | D:1      | Became a worshipper of the Shining One
   477 | D:1      | Reached * piety under the Shining One
   591 | D:1      | Found Ybrucikk's Assorted Antiques.
  1094 | D:2      | Reached XP level 3. HP: 13/28 MP: 0/0
  1094 | D:2      | Learned a level 1 spell: Apportation
  1272 | D:2      | Reached skill level 1 in Short Blades
  1480 | D:2      | Noticed a scorpion
  1515 | D:2      | Killed a scorpion
  1516 | D:2      | Reached skill level 3 in Short Blades
  1516 | D:2      | Reached XP level 4. HP: 4/33 MP: 0/0
  1516 | D:2      | Reached XP level 5. HP: 4/38 MP: 0/0
  1516 | D:2      | Learned a level 2 spell: Ensorcelled Hibernation
  2847 | D:3      | Noticed Ijyb
  2899 | D:3      | Killed Ijyb
  3652 | D:4      | Noticed Sigmund
  3737 | D:4      | Reached skill level 4 in Short Blades
  3737 | D:4      | Reached XP level 6. HP: 36/43 MP: 0/0
  3747 | D:4      | Noticed a black bear
  3771 | D:4      | Noticed an ogre
  3810 | D:4      | Reached skill level 1 in Spellcasting
  4428 | D:3      | The Shining One protects you from harm!
  4428 | D:3      | Slain by a hound

Illustrated notes

Levels and vault maps discovered:
D:1:      dpeg_arrival_erosion, layout_loops_corners, serial_shops,
          shop_fountains, shapermc_ecumenical_altar_gd
D:2:      layout_basic
D:3:      layout_basic, uniq_ijyb
D:4:      wander_river, layout_rooms, temple_fountains,
          gup_ossuary_entry_pyramid, serial_corexii_hall,
          chequers_hall_statues_corner_a, chequers_hall_statues_wall_a,
          corexii_hall_statues_i, nicolae_grassy_gnolls, uniq_sigmund

Skill      XL: |  1  2  3  4  5  6 |
---------------+-------------------+-----
Long Blades    | 3 |  3.5
Short Blades   | 3 4 |  4.6
Spellcasting   | 1 |  1.4
Fighting       | |  2.0
Throwing       | |  1.5
Dodging        | |  3.2

Action                   |  1- 3 |  4- 6 || total
-------------------------+-------+-------++-------
Melee: Long sword        |    35 |       ||    35
       Dagger            |    65 |   252 ||   317
       Punch             |       |     3 ||     3
Throw: Throwing net      |     2 |       ||     2
 Cast: Ensorcelled Hiber |       |    12 ||    12
Armor: Leather armour    |    24 |    31 ||    55
Dodge: Dodged            |    51 |   102 ||   153
